Map: Submarine LE

Players

Ilativ - Winner!

  • Race: Terran Terran
  • League: Gold
  • Spawn Location: 5:00

rottenorange

  • Race: Zerg Zerg
  • Spawn Location: 11:00

VOD

Have the link to the VOD?

Description

Time

  • Played on: Oct. 7, 2020, 5:20 p.m.
  • Length: 88:19
Show
View Real Time Build Order
Export as new Build Order

Ilativ Terran - Winner!

Build Orders:  

Get SALT Encoding   

  12  0:03  SCV  
  13  0:15  Supply Depot  
  13  0:26  SCV  
  14  0:42  Barracks  
  14  0:48  Barracks  
  14  0:51  SCV  
  15  1:01  Refinery  
  15  1:03  SCV  
  16  1:13  Supply Depot  
  16  1:32  Marine, Bunker  
  17  1:44  Marine  
  18  1:49  Refinery  
  18  1:50  Marine  
  19  2:02  Marine  
  19  2:07  Marine  
  18  2:21  Marine  
  19  2:25  Factory  
  18  3:01  Command Center  
  18  3:10  Marine  
  18  3:11  Factory Tech Lab  
  19  3:15  SCV  
  18  3:27  Marine, SCV  
  19  3:38  Siege Tank  
  22  3:45  Marine, Starport  
  23  3:49  SCV  
  23  3:55  Supply Depot  
  24  4:03  Marine  
  24  4:09  SCV  
  26  4:13  Siege Tank  
  29  4:21  SCV  
  29  4:22  Starport Tech Lab, Engineering Bay  
  30  4:30  Marine  
  31  4:34  SCV  
  32  4:48  Fusion Core  
  30  5:02  Marine  
  31  5:11  SCV  
  32  5:20  Marine  
  33  5:23  SCV  
  34  5:43  Orbital Command  
  34  5:50  Supply Depot  
  34  5:54  Battlecruiser  
  38  6:07  Terran Infantry Weapons Level 1  
  38  6:16  Missile Turret  
  38  6:36  Command Center, Missile Turret  
  38  6:50  Marine  
  39  7:08  Marine  
  40  7:19  Battlecruiser  
  46  7:26  Marine  
  47  7:45  Weapon Refit  
  47  7:47  Marine  
  48  8:37  Battlecruiser  
  48  8:38  Refinery  
  54  8:50  Sensor Tower  
  54  9:04  Refinery  
  54  9:18  SCV  
  58  9:24  Siege Tank  
  58  9:30  SCV  
  59  9:42  Starport, SCV  
  60  9:45  Armory  
  60  9:54  SCV  
  61  10:06  SCV, Planetary Fortress  
  62  10:14  Bunker  
  62  10:22  Starport Tech Lab  
  62  10:25  Supply Depot  
  62  10:27  Missile Turret  
  54  10:35  Marine  
  55  10:45  Bunker  
  55  10:47  Missile Turret  
  55  10:49  Supply Depot  
  55  10:53  Marine  
  55  10:55  Battlecruiser  
  62  11:07  Missile Turret  
  62  11:11  Marine  
  62  11:12  Supply Depot  
  61  11:29  Marine  
  53  11:42  Siege Tank  
  56  11:47  Marine  
  56  11:53  Bunker  
  57  11:56  Terran Vehicle Weapons Level 1  
  57  12:02  Ghost Academy  
  57  12:11  Battlecruiser  
  57  12:14  Siege Tank  
  66  12:23  Bunker  
  66  12:28  Marine  
  67  12:32  Ghost Academy  
  67  12:37  Personal Cloaking  
  67  12:46  Marine  
  68  12:54  Widow Mine  
  70  13:04  Marine  
  71  13:12  Nuke  
  71  13:16  Widow Mine  
  73  13:37  Widow Mine  
  75  14:03  Nuke  
  75  14:21  Marine  
  76  14:27  SCV  
  77  14:38  Marine  
  77  14:39  SCV  
  79  14:51  SCV  
  80  14:59  Siege Tank  
  84  15:03  Terran Vehicle Weapons Level 2, Command Center, SCV  
  84  15:13  Barracks Tech Lab  
  84  15:15  SCV  
  91  15:21  Battlecruiser  
  91  15:31  Siege Tank  
  94  15:37  Supply Depot  
  94  15:59  Battlecruiser  
  94  16:01  Supply Depot  
  100  16:30  Command Center  
  100  16:49  Ghost  
  100  16:52  Thor  
  102  17:18  Ghost  
  101  18:17  Command Center  
  101  18:23  Battlecruiser  
  101  18:24  Battlecruiser  
  113  18:45  Bunker  
  113  18:46  Planetary Fortress  
  113  18:48  Planetary Fortress  
  113  18:57  Refinery  
  113  18:58  Siege Tank  
  116  19:16  Bunker  
  116  19:24  Refinery  
  116  19:30  Siege Tank  
  119  19:39  Missile Turret  
  119  20:00  Missile Turret  
  119  20:02  Siege Tank  
  120  20:13  Planetary Fortress  
  120  20:16  Nuke x2  
  120  20:20  Marine  
  121  20:25  Missile Turret  
  121  20:27  Terran Vehicle And Ship Armor Level 1  
  121  20:34  Siege Tank  
  124  20:38  Marine  
  125  20:46  Missile Turret  
  125  20:56  Marine  
  126  20:59  Command Center  
  126  21:10  Missile Turret  
  126  21:13  Marine  
  127  21:19  Sensor Tower  
  127  21:30  Missile Turret  
  127  21:31  Marine  
  128  21:49  Ghost, Sensor Tower  
  128  21:51  Missile Turret  
  130  22:13  Missile Turret  
  130  22:36  Missile Turret  
  130  22:54  Orbital Command  
  130  22:58  Terran Vehicle And Ship Armor Level 2  
  130  22:59  Missile Turret  
  130  23:01  Ghost Academy  
  128  23:59  Nuke  
  128  24:00  Nuke x2  
  128  24:23  Command Center  
  128  24:24  Battlecruiser x2  
  128  24:26  Thor  
  146  25:09  Thor  
  152  25:41  Refinery  
  152  25:47  Planetary Fortress  
  152  25:52  Thor  
  152  25:56  Command Center  
  158  26:07  Refinery  
  158  26:38  Ghost  
  160  27:12  Command Center  
  160  27:17  Raven  
  160  27:19  Battlecruiser  
  168  27:27  Nuke x3  
  168  27:30  Combat Shield  
  168  28:03  Missile Turret  
  168  28:15  Battlecruiser  
  174  28:25  Missile Turret  
  174  28:45  Missile Turret  
  174  28:49  Stimpack  
  174  29:07  Missile Turret  
  174  29:16  Planetary Fortress  
  174  29:18  Planetary Fortress  
  174  29:28  Missile Turret  
  174  29:33  Missile Turret  
  174  29:44  Terran Infantry Armor Level 1  
  174  29:49  Missile Turret  
  174  29:53  Missile Turret  
  174  30:06  Command Center  
  174  30:09  Missile Turret  
  174  30:11  Nuke  
  174  30:15  Missile Turret, Terran Vehicle Weapons Level 3  
  174  30:29  Missile Turret  
  174  30:36  Missile Turret  
  174  30:45  Nuke  
  174  30:51  Missile Turret  
  174  30:58  Missile Turret  
  174  31:11  Missile Turret  
  174  31:21  Missile Turret  
  174  31:27  Command Center  
  174  31:29  Planetary Fortress  
  174  31:30  Missile Turret  
  174  31:31  Missile Turret  
  174  31:35  Refinery  
  174  31:38  Terran Infantry Weapons Level 2  
  174  31:49  Missile Turret  
  174  31:52  Missile Turret x2  
  174  31:54  Widow Mine  
  176  31:58  Refinery  
  176  32:13  Missile Turret x2  
  176  32:14  Missile Turret  
  176  32:15  Widow Mine  
  178  32:24  Sensor Tower  
  178  32:34  Missile Turret  
  178  32:35  Missile Turret  
  178  32:36  Widow Mine  
  180  32:40  Command Center, Planetary Fortress  
  180  32:48  Sensor Tower  
  180  32:54  Missile Turret  
  180  32:55  Missile Turret  
  180  32:56  Terran Vehicle And Ship Armor Level 3  
  180  32:58  Widow Mine  
  182  33:14  Missile Turret  
  182  33:16  Missile Turret  
  182  33:19  Widow Mine  
  184  33:35  Missile Turret  
  184  33:36  Nuke  
  184  33:38  Missile Turret  
  184  33:54  Hi-Sec Auto Tracking  
  184  33:55  Missile Turret  
  184  34:13  Planetary Fortress  
  184  34:16  Missile Turret  
  182  34:27  Sensor Tower  
  182  34:28  Nuke  
  182  34:38  Missile Turret, Ghost  
  184  34:50  Sensor Tower  
  184  34:51  Neosteel Armor  
  184  34:58  Missile Turret  
  184  35:08  Command Center  
  184  35:17  Missile Turret  
  184  35:32  Siege Tank  
  187  35:38  Missile Turret  
  187  35:59  Missile Turret  
  187  36:04  Siege Tank  
  190  36:20  Missile Turret  
  190  36:21  Command Center  
  190  36:32  Planetary Fortress  
  190  36:41  Missile Turret  
  190  36:47  Refinery  
  190  37:01  Missile Turret  
  190  37:10  Refinery  
  190  37:20  Missile Turret  
  190  37:34  Command Center  
  190  37:37  Planetary Fortress  
  190  37:44  Missile Turret  
  190  38:04  Missile Turret  
  190  38:25  Missile Turret  
  190  38:44  Missile Turret  
  190  39:05  Missile Turret  
  190  39:38  Terran Ship Weapons Level 1  
  188  39:40  Terran Infantry Weapons Level 3  
  188  39:44  Thor  
  194  40:18  Planetary Fortress  
  194  40:21  Sensor Tower  
  194  40:31  Nuke x3  
  194  40:43  Sensor Tower  
  194  40:59  Ghost Academy  
  194  41:31  Ghost Academy  
  194  41:49  Terran Ship Weapons Level 2  
  194  41:52  Advanced Ballistics  
  194  42:17  Terran Infantry Armor Level 2  
  194  42:20  Nuke x3  
  194  43:07  Nuke  
  194  43:11  Rapid Reignition System  
  191  44:02  Ghost  
  193  44:19  Nuke  
  193  44:20  Terran Ship Weapons Level 3  
  193  44:26  Widow Mine  
  195  44:31  Ghost  
  197  44:47  Widow Mine  
  199  45:56  Nuke x2  
  197  46:19  Ghost  
  199  47:13  Nuke  
  197  47:47  Ghost  
  199  48:07  Nuke  
  199  49:02  Missile Turret  
  199  49:21  Missile Turret  
  199  49:41  Missile Turret  
  199  50:01  Missile Turret  
  189  50:49  Missile Turret  
  189  50:51  Missile Turret  
  195  51:04  Battlecruiser  
  195  51:11  Missile Turret  
  195  51:14  Sensor Tower  
  195  51:30  Nuke x3  
  195  51:31  Missile Turret  
  195  51:37  Sensor Tower  
  195  51:53  Missile Turret  
  187  52:20  Missile Turret  
  183  52:43  Missile Turret  
  183  52:51  Missile Turret  
  183  52:55  Battlecruiser x2  
  195  53:11  Missile Turret  
  195  53:31  Missile Turret  
  195  53:51  Missile Turret  
  164  54:17  Missile Turret  
  164  54:25  Battlecruiser  
  164  54:26  Battlecruiser  
  176  54:35  Nuke x4  
  176  54:37  Missile Turret  
  176  54:56  Missile Turret  
  176  55:02  Nuke  
  176  55:05  Terran Infantry Armor Level 3  
  159  55:30  Battlecruiser x2  
  165  56:27  Missile Turret  
  165  56:34  Battlecruiser x2  
  176  56:44  Barracks  
  174  57:01  Missile Turret  
  174  57:06  Missile Turret  
  174  57:14  Nuke x3  
  174  57:22  Missile Turret  
  174  57:25  Missile Turret  
  174  57:37  Barracks  
  174  57:38  Battlecruiser x2  
  174  57:43  Missile Turret  
  186  57:45  Missile Turret  
  186  58:02  Missile Turret  
  184  58:05  Missile Turret  
  184  58:22  Missile Turret  
  184  58:25  Barracks  
  182  58:41  Missile Turret  
  182  58:42  Battlecruiser  
  182  58:43  Battlecruiser  
  194  59:08  Missile Turret  
  194  59:10  Ghost  
  194  59:14  Nuke  
  196  59:27  Missile Turret  
  196  59:39  Ghost  
  196  59:41  Barracks Reactor x2  
  198  59:47  Barracks Reactor  
  198  59:48  Missile Turret  
  198  60:08  Missile Turret  
  198  60:27  Missile Turret  
  198  61:33  Command Center  
  198  61:57  Missile Turret  
  198  62:13  Nuke x2  
  198  62:16  Missile Turret  
  198  62:37  Missile Turret  
  198  62:46  Command Center  
  198  62:58  Missile Turret  
  198  63:19  Missile Turret, Planetary Fortress  
  198  63:39  Missile Turret  
  198  63:42  Command Center  
  198  63:49  Missile Turret  
  198  63:59  Command Center  
  198  64:00  Missile Turret  
  198  64:09  Missile Turret  
  198  64:19  Command Center  
  198  64:22  Missile Turret  
  198  64:23  Nuke x2  
  198  64:28  Missile Turret  
  198  64:43  Missile Turret  
  198  64:50  Missile Turret  
  198  64:56  Command Center  
  198  65:08  Missile Turret  
  198  65:12  Missile Turret  
  198  65:13  Nuke x2  
  198  65:34  Missile Turret  
  194  67:43  Nuke x2  
  192  69:00  Ghost  
  192  69:29  Ghost  
  194  69:42  Nuke x3  
  180  70:44  Nuke x3  
  180  70:49  Planetary Fortress  
  180  71:08  Ghost  
  175  76:02  Command Center  
  175  76:04  Refinery  
  175  76:10  Bunker  
  175  76:30  Refinery  
  175  76:42  Bunker  
  175  77:02  SCV x2  
  177  77:14  SCV x2  
  179  77:26  SCV x2  
  181  77:38  SCV  
  181  77:39  SCV  
  183  77:50  SCV  
  183  77:51  SCV  
  185  78:04  Ghost  
  187  78:44  Nuke  
  187  78:51  Nuke  
  187  79:51  Nuke  
  187  81:01  Nuke x4  
  187  81:37  Nuke  
  187  82:08  Ghost  
  187  84:23  Nuke x2  
  184  87:05  Nuke  
Show
View Real Time Build Order
Export as new Build Order

rottenorange Zerg 

Build Orders: Hatch First 

Get SALT Encoding   

  12  0:00  Drone  
  13  0:09  Drone  
  14  0:20  Overlord  
  14  0:39  Drone x3  
  17  0:52  Drone  
  18  0:57  Hatchery  
  17  1:04  Drone  
  17  1:07  Extractor  
  17  1:18  Spawning Pool  
  16  1:21  Drone  
  17  1:26  Drone  
  18  1:35  Drone  
  18  2:07  Zergling x4  
  18  2:08  Zergling x2  
  21  2:09  Queen  
  21  2:11  Queen  
  25  2:19  Drone  
  24  2:38  Zergling x4  
  24  2:40  Drone x2  
  24  2:41  Metabolic Boost  
  28  2:56  Overlord  
  27  3:39  Overlord x3  
  27  3:55  Roach Warren  
  27  3:57  Drone  
  27  4:00  Extractor  
  26  4:06  Drone x6  
  26  4:09  Drone  
  33  4:10  Drone x4  
  33  4:12  Queen  
  39  4:29  Zergling x6  
  42  4:32  Zergling x2  
  42  4:33  Zergling x2  
  44  4:50  Drone  
  44  4:51  Drone x5  
  50  4:58  Extractor  
  47  5:16  Hatchery  
  47  5:19  Lair  
  46  5:27  Drone x5  
  51  5:29  Overlord  
  51  5:30  Overlord x3  
  51  6:08  Extractor  
  50  6:15  Evolution Chamber x2  
  48  6:20  Glial Reconstitution  
  48  6:25  Hydralisk Den  
  47  6:26  Overseer  
  47  6:28  Overseer  
  47  6:34  Roach x3  
  47  6:35  Roach x4  
  61  6:56  Drone x3  
  64  7:02  Roach  
  64  7:03  Roach x7  
  71  7:23  Hydralisk  
  71  7:24  Hydralisk x2  
  70  7:40  Hydralisk x2  
  71  8:13  Hydralisk x4  
  77  8:21  Drone x2  
  77  8:22  Drone  
  77  8:23  Drone  
  77  8:24  Drone x2  
  83  8:28  Queen, Drone x3  
  88  8:54  Muscular Augments  
  88  8:59  Zerg Missile Weapons Level 1  
  88  9:02  Drone  
  89  9:03  Overlord x3  
  89  9:20  Queen  
  89  9:24  Drone x5  
  93  9:26  Drone  
  93  9:27  Drone x4  
  93  9:30  Drone, Extractor  
  93  9:31  Drone x2  
  103  9:46  Zerg Ground Armor Level 1  
  103  9:54  Overlord x2  
  103  9:55  Overlord, Hydralisk  
  103  9:56  Hydralisk x2  
  109  10:00  Hydralisk x2  
  109  10:04  Overlord  
  113  10:10  Grooved Spines  
  107  10:36  Roach x2  
  107  10:37  Roach x7  
  113  10:54  Hydralisk  
  113  10:55  Hydralisk  
  64  11:32  Drone x3  
  55  11:39  Overlord, Hydralisk Den  
  54  11:51  Roach x10  
  74  11:56  Zergling x2  
  74  11:57  Zergling x18  
  84  12:13  Hydralisk x2  
  88  12:20  Drone x3  
  91  12:27  Drone x3  
  94  12:32  Queen  
  96  13:19  Drone x3  
  86  13:52  Hydralisk x3  
  86  13:53  Hydralisk x8  
  108  14:12  Zerg Missile Weapons Level 2, Zerg Ground Armor Level 2  
  108  14:15  Drone x3  
  108  14:16  Drone x2  
  111  14:17  Drone  
  111  14:18  Drone x4  
  114  14:35  Roach  
  114  14:36  Roach x11  
  134  14:55  Drone x3  
  134  14:56  Drone  
  138  15:02  Spore Crawler x2  
  132  15:21  Drone x2  
  126  15:25  Queen  
  126  15:27  Hydralisk x5  
  138  15:36  Queen  
  130  15:52  Overlord x3  
  130  15:54  Overlord x2  
  130  16:11  Queen  
  130  16:12  Extractor  
  131  16:18  Extractor  
  131  16:24  Overseer  
  131  16:25  Overseer  
  45  17:26  Hydralisk  
  45  17:27  Hydralisk x5  
  55  17:30  Hydralisk  
  55  17:31  Hydralisk x11  
  55  17:36  Hydralisk  
  79  17:37  Hydralisk x2  
  79  17:38  Queen  
  84  18:16  Hatchery  
  83  18:35  Spawning Pool  
  82  18:46  Overlord x3  
  82  19:16  Hydralisk  
  82  19:17  Hydralisk x9  
  90  19:57  Drone x3  
  90  19:59  Queen  
  95  20:23  Lair  
  95  20:28  Hydralisk x9  
  95  20:32  Overlord  
  113  20:38  Drone  
  113  20:41  Overlord x3  
  114  20:50  Queen  
  116  20:57  Overlord x3  
  116  20:59  Drone  
  116  21:03  Drone x2  
  119  21:20  Drone  
  119  21:21  Drone  
  120  21:46  Spire  
  119  22:00  Spire  
  119  22:03  Drone  
  119  22:04  Drone x6  
  119  22:07  Overseer  
  126  22:13  Drone x3  
  118  22:40  Hydralisk x4  
  126  22:45  Drone x5  
  126  22:46  Drone x3  
  134  23:07  Hatchery  
  83  24:46  Roach  
  83  24:47  Roach x12  
  95  25:31  Overlord x3  
  95  25:38  Extractor  
  95  25:39  Extractor  
  93  25:47  Overlord  
  93  25:48  Overlord x3  
  93  26:11  Corruptor x2  
  93  26:12  Corruptor x3  
  103  26:22  Corruptor  
  105  26:34  Overseer  
  105  26:40  Overseer  
  105  26:59  Hatchery  
  65  27:59  Overseer  
  65  28:12  Queen  
  67  28:20  Corruptor  
  69  28:47  Drone  
  69  28:48  Drone x2  
  68  29:54  Corruptor x3  
  74  30:04  Drone x5  
  73  32:42  Drone x3  
  76  32:48  Extractor  
  75  33:01  Queen  
  77  33:13  Overseer  
  77  33:22  Hatchery  
  76  33:46  Drone x7  
  76  33:47  Drone x5  
  71  34:27  Drone x4  
  75  34:35  Queen, Drone  
  78  34:53  Overseer  
  78  35:00  Drone x2  
  80  35:26  Pneumatized Carapace  
  80  35:32  Drone x3  
  83  35:41  Drone  
  83  35:42  Drone x7  
  91  35:48  Overseer  
  91  35:56  Overlord x2  
  91  36:04  Queen  
  93  36:18  Corruptor x3  
  99  36:26  Drone  
  99  36:27  Drone x7  
  107  36:42  Spine Crawler  
  107  36:45  Spine Crawler  
  105  37:54  Hatchery  
  104  38:16  Hatchery  
  104  38:17  Overlord  
  104  38:18  Overlord x5  
  103  38:52  Infestation Pit  
  102  39:43  Spore Crawler  
  102  39:44  Queen, Drone x3  
  106  40:13  Mutalisk  
  106  40:14  Mutalisk x13  
  134  40:22  Drone x2  
  134  40:49  Mutalisk x4  
  142  41:04  Spore Crawler  
  142  41:06  Spine Crawler  
  142  41:11  Spore Crawler  
  133  41:13  Spine Crawler  
  126  41:32  Drone x2  
  112  41:33  Drone  
  113  41:50  Extractor  
  113  41:52  Extractor  
  113  41:53  Hive  
  111  42:02  Drone x3  
  111  42:03  Drone x2  
  111  42:04  Drone x3  
  111  42:06  Extractor  
  111  42:07  Extractor  
  117  42:13  Drone x5  
  117  42:14  Drone  
  123  42:20  Drone x6  
  129  42:25  Spore Crawler  
  129  42:27  Spine Crawler  
  127  42:31  Spine Crawler  
  127  42:35  Spore Crawler  
  125  42:38  Drone x2  
  127  42:46  Drone  
  127  42:47  Drone x10  
  138  42:57  Overlord x3  
  138  43:00  Overlord  
  126  44:02  Corruptor x3  
  126  44:06  Greater Spire  
  132  44:17  Burrow  
  132  44:21  Spine Crawler  
  131  44:26  Spore Crawler  
  130  44:32  Spore Crawler  
  129  44:39  Drone x3  
  129  44:41  Spore Crawler  
  131  44:47  Spine Crawler  
  131  44:52  Corruptor x4  
  130  44:53  Corruptor x7  
  152  45:05  Overlord  
  152  45:06  Overlord x2  
  152  45:41  Zerg Flyer Armor Level 1  
  152  45:44  Brood Lord x11  
  172  46:13  Brood Lord x4  
  180  46:30  Corruptor  
  180  46:31  Corruptor x4  
  190  46:49  Overseer x3  
  190  47:08  Overseer x2  
  190  47:37  Zerg Flyer Weapons Level 1  
  190  47:39  Corruptor  
  190  47:40  Corruptor x4  
  200  48:17  Overlord x4  
  200  48:18  Overlord  
  200  48:40  Overseer x5  
  186  48:59  Corruptor  
  186  49:00  Corruptor x6  
  200  49:26  Spine Crawler  
  199  49:37  Zerg Flyer Armor Level 2  
  138  50:45  Corruptor x7  
  138  50:46  Corruptor x12  
  172  50:59  Brood Lord  
  174  51:08  Overlord x2  
  174  51:09  Overlord  
  174  51:44  Brood Lord x3  
  140  52:52  Corruptor  
  140  52:53  Corruptor x4  
  140  52:57  Brood Lord x2  
  140  52:58  Brood Lord x2  
  139  53:32  Zerg Flyer Weapons Level 2  
  137  53:49  Corruptor  
  137  53:50  Corruptor x2  
  115  54:13  Corruptor x3  
  115  54:16  Corruptor x2  
  125  54:52  Corruptor x3  
  130  55:20  Corruptor x3  
  102  55:40  Corruptor  
  102  56:02  Corruptor x2  
  106  56:19  Overseer  
  14  65:46  Spawning Pool  
  13  65:57  Unknown  
  13  66:41  Spine Crawler  
  12  67:40  Zergling x2  
  13  67:48  Zergling x6  
  16  67:52  Zergling x6  
  19  68:02  Spine Crawler  
  19  68:03  Spore Crawler  
  17  68:15  Zergling x4  
  17  68:18  Zergling x2  
  17  68:19  Zergling x2  
  20  69:14  Zergling x6  
  23  69:18  Zergling x6  
  26  69:35  Zergling x2  
  27  69:54  Zergling x2  
  27  69:55  Zergling x2  
  28  70:47  Zergling x8  
  28  70:48  Queen  
  34  70:50  Zergling x2  
  34  70:51  Zergling x16  
  43  71:08  Zergling x2  
  43  71:09  Zergling x2  
  43  71:11  Zergling x6  
  10  72:54  Drone x2  
  10  72:55  Drone  
  12  73:53  Hatchery  
  9  80:38  Overseer  
  1  85:32  Spawning Pool  
Tags
 
League
Gold
Matchup
TvZ
Replay Pack
replays
Spawn Locations
Cross Positions
Add a new tag
Caveats
  • Supply blocks, unpowered buildings, or Contaminate may cause inaccurate times.
  • Supply counts are checked every 10 seconds.